 Dungeon Crawl Stone Soup version 0.20-a0-274-g7b51309 (webtiles) character file.

63911 Gorfmaster the Grappler (level 14, -11/123 HPs)
             Began as a Troll Fighter on Dec 2, 2016.
             Was the Champion of the Shining One.
             Mangled by a troll (13 damage)
             ... on level 1 of the Orcish Mines on Dec 12, 2016.
             The game lasted 01:35:58 (16250 turns).

Gorfmaster the Grappler (Troll Fighter)            Turns: 16250, Time: 01:35:59

Health: -11/123    AC: 10    Str: 25    XL:     14   Next: 69%
Magic:  18/18      EV: 14    Int:  5    God:    the Shining One [******]
Gold:   893        SH: 17    Dex: 12    Spells: 13/13 levels left

rFire  . . .     SeeInvis .       - Unarmed
rCold  + + .     Gourm    +     g - +0 troll leather armour
rNeg   + + +     Faith    .     Q - +2 shield {rC+}
rPois  +         Spirit   .     (helmet restricted)
rElec  .         Reflect  .     U - +0 cloak
rCorr  .         Harm     .     (gloves unavailable)
MR     +++..     Rnd*Rage +     (boots unavailable)
Stlth  +.........               H - amulet of regeneration
                                K - ring of protection from cold
                                S - ring of protection from magic

@: divine shield, glowing
A: unfitting armour, claws 3, iridescent scales 1, berserk 1, blink, blurry
vision 1, fast metabolism 3, frail 1, gourmand, low mp 1, magic resistance 1,
mutation resistance 1, poison resistance, regeneration 1, shaggy fur 1, tough
skin 2, weak 1
a: Blink, Divine Shield, Cleansing Flame, Summon Divine Warrior, Brand Weapon
With Holy Wrath, Renounce Religion


You were on level 1 of the Orcish Mines.
You worshipped the Shining One.
The Shining One was exalted by your worship.
You were completely stuffed.

You visited 4 branches of the dungeon, and saw 19 of its levels.
You also visited: Ice Cave.

You collected 893 gold pieces.

Inventory:

Hand Weapons
 r - a +0 flail of crushing
 M - a +0 scimitar of flaming
Armour
 g - a +0 troll leather armour (worn)
 Q - a +2 shield of cold resistance (worn)
 U - a +0 cloak (worn)
Jewellery
 E - a +1 ring of evasion
 H - an amulet of regeneration (around neck)
 K - a ring of protection from cold (right claw)
 S - a ring of protection from magic (left claw)
Wands
 o - a wand of polymorph (9/24)
 q - a wand of disintegration (13/24)
 C - a wand of digging (16/24)
Scrolls
 e - 2 scrolls of teleportation
 k - 5 scrolls of amnesia
 m - 6 scrolls of remove curse
 u - 3 scrolls of enchant armour
 v - 2 scrolls of recharging
 F - a scroll of summoning
 O - 2 scrolls of identify
 T - a scroll of magic mapping
 V - a scroll of enchant weapon
Potions
 h - 13 potions of flight
 i - 7 potions of curing
 j - 2 potions of cancellation
 p - a potion of lignification
 z - 2 potions of heal wounds
 D - 2 potions of ambrosia
 I - 2 potions of haste
Comestibles
 b - 16 chunks of flesh
 c - 7 slices of pizza
 d - 11 bread rations
 f - 7 fruits
 l - 5 beef jerkies
 t - 5 meat rations


   Skills:
 + Level 8.6 Fighting
 - Level 4.0 Long Blades
 - Level 4.2 Maces & Flails
 + Level 9.0 Dodging
 + Level 8.7 Shields
 * Level 14.8 Unarmed Combat
 * Level 10.5 Invocations


You had 13 spell levels left.
You didn't know any spells.

Dungeon Overview and Level Annotations

Branches:
Dungeon (10/15)            Temple (1/1) D:5            Lair (6/6) D:8
 Shoals (0/4) Lair:4        Snake (0/4) Lair:2        Slime (0/5) Lair:5
    Orc (2/2) D:10
    Elf: Orc:2

Altars:
Ashenzari
Cheibriados
Dithmenos
Elyvilon
Fedhas
Gozag
Hepliaklqana
Kikubaaqudgha
Makhleb
Nemelex Xobeh
Okawaru
Qazlal
Ru
Sif Muna
Trog
Uskayaw
Vehumet
Xom
Yredelemnul
Zin
The Shining One

Annotations:
Lair:5 exclusion: 2 oklob plants
Orc:2 Josephine


Innate Abilities, Weirdness & Mutations

You are too large for most types of armour.
You have claws for hands.
Your metabolism is lightning-fast.
You like to eat raw meat.
Your natural rate of healing is unusually fast.
You are covered in fur. (AC +1)
You have very tough skin. (AC +2)
You are partially covered in iridescent scales. (AC +2)
You tend to lose your temper in combat.
You can translocate small distances at will.
Scrolls take you a little longer to read.
You are frail. (-10% HP)
Your magical capacity is low. (-10% MP)
You are resistant to hostile enchantments. (MR+)
You are somewhat resistant to further mutation.
Your system is resistant to poisons. (rPois)
You are weak. (Str -2)


Message History

* * * LOW HITPOINT WARNING * * *
The troll claws you but does no damage.
The ogre mage casts a spell.
The ogre mage seems to speed up.
The two-headed ogre hits you with a giant spiked club!!
* * * LOW HITPOINT WARNING * * *
The two-headed ogre barely misses you.
You climb upwards.
There is a stone staircase leading down, spattered with blood here.
Unknown command.
Okay, then.
You feel much better. The ogre hits you with a giant club!
* * * LOW HITPOINT WARNING * * *
The two-headed ogre hits you with a giant club.
* * * LOW HITPOINT WARNING * * *
You block the two-headed ogre's attack. The troll bites you!
* * * LOW HITPOINT WARNING * * *
The troll misses you. x2; You block the troll's attack. x2
The troll claws you but does no damage. The troll bites you!
You die...

### #### #### ##.##
######..###..###...#
##.##.....#....#.#.##
#.............#.....###
##.#..##.....#.......#.
##..[[................
#..OOT..##...........
##.<@O.............##
##.##TT.............#
#..............#....##
##.##...........#....#
######......#.####.##
#...#...####.###
##.#.....##...#
####.......##.##
###.#.#.....###.##


You could see 3 trolls, 2 two-headed ogres and an ogre.

Vanquished Creatures
  A frost giant (IceCv)
  A stone giant (Orc:1)
  6 hydras
  Erica (Lair:1)
  A death yak (Lair:4)
  The ghost of Jraekied the Shield-Bearer, a novice GrFi of Okawaru (D:7)
  A hill giant (D:9)
  A manticore (Lair:5)
  An ice statue (IceCv)
  20 elephants
  Joseph (D:7)
  A torpor snail (Lair:6)
  3 black mambas
  Psyche (D:10)
  The ghost of DoctorBileduct the Shield-Bearer, a novice FoFi of Cheibriados (D:4)
  20 spiny frogs
  A gargoyle (D:10)
  8 komodo dragons
  7 rime drakes
  2 trolls (Orc:1)
  5 tyrant leeches (Lair:6)
  17 blink frogs
  Grinder (D:6)
  16 polar bears
  14 hippogriffs
  5 dream sheep (Lair:3)
  12 spriggans (Lair:1)
  7 wyverns
  A wraith (Orc:1)
  Sigmund (D:6)
  8 basilisks
  32 yaks
  A hungry ghost (D:10)
  6 vampire mosquitoes (Lair:6)
  Edmund (D:6)
  A warg (Orc:1)
  10 water moccasins
  7 porcupines
  2 hell hounds (D:8)
  Duvessa (D:6)
  5 ice beasts
  3 sky beasts
  10 orc warriors
  8 ogres
  A necrophage (D:8)
  25 wolves
  3 centaurs
  13 crocodiles
  A gnoll sergeant (D:9)
  20 bullfrogs
  A wyvern zombie (D:6)
  Dowan (D:6)
  3 scorpions
  60 killer bees
  8 wights
  8 howler monkeys
  5 crimson imps
  A quasit (D:8)
  A bullfrog zombie (D:9)
  3 jellies
  4 orc priests
  A bullfrog skeleton (D:6)
  A gnoll shaman (D:8)
  5 iguanas
  14 orc wizards
  3 centaur skeletons
  5 hell rats (Lair:6)
  7 worker ants
  A hound skeleton (D:6)
  A howler monkey zombie (D:6)
  A worker ant zombie (D:10)
  11 gnolls
  17 adders
  4 shadow imps
  An adder zombie (D:10)
  3 worms
  2 dart slugs
  3 leopard geckos
  68 orcs
  5 bats
  6 giant cockroaches
  9 goblins
  6 hobgoblins
  13 jackals
  6 quokkas
  A ball python (D:3)
  6 frilled lizards
  4 kobolds
  2 leopard gecko zombies
  12 rats
629 creatures vanquished.

Vanquished Creatures (others)
  15 fungi
  46 plants
61 creatures vanquished.

Grand Total: 690 creatures vanquished

Notes
Turn   | Place    | Note
-------+----------+-------------------------------------------
     0 | D:1      | Gorfmaster the Troll Fighter began the quest for the Orb.
     0 | D:1      | Reached XP level 1. HP: 22/22 MP: 0/0
    89 | D:1      | Reached XP level 2. HP: 29/29 MP: 1/1
   126 | D:1      | Reached skill level 3 in Unarmed Combat
   667 | D:2      | Reached XP level 3. HP: 36/36 MP: 2/2
   832 | D:2      | Reached skill level 4 in Unarmed Combat
  1063 | D:2      | Reached XP level 4. HP: 44/44 MP: 3/3
  1347 | D:3      | Reached skill level 5 in Unarmed Combat
  1527 | D:3      | Reached XP level 5. HP: 41/50 MP: 4/4
  1856 | D:3      | Gained mutation: You are resistant to hostile enchantments. (MR+) [potion of mutation]
  1856 | D:3      | Gained mutation: You tend to lose your temper in combat. [potion of mutation]
  1856 | D:3      | Gained mutation: You are partially covered in iridescent scales. (AC +2) [potion of mutation]
  2203 | D:4      | Gained mutation: You can translocate small distances at will. [potion of mutation]
  2203 | D:4      | Gained mutation: You are weak. (Str -2) [potion of mutation]
  2204 | D:4      | Gained mutation: You are agile. (Dex +2) [potion of mutation]
  2204 | D:4      | Gained mutation: You are partially covered in thin metallic scales. (AC +2) [potion of mutation]
  2205 | D:4      | Gained mutation: You are frail. (-10% HP) [potion of mutation]
  2205 | D:4      | Gained mutation: Your system is resistant to poisons. (rPois) [potion of mutation]
  2250 | D:4      | Gained mutation: Scrolls take you a little longer to read. [potion of mutation]
  2250 | D:4      | Gained mutation: Your magical capacity is low. (-10% MP) [potion of mutation]
  2250 | D:4      | Gained mutation: You are somewhat resistant to further mutation. [potion of mutation]
  2297 | D:4      | Reached XP level 6. HP: 52/53 MP: 4/4
  2566 | D:4      | Noticed DoctorBileduct's ghost (novice FoFi)
  2583 | D:4      | Killed DoctorBileduct's ghost
  2583 | D:4      | Reached skill level 6 in Unarmed Combat
  2583 | D:4      | Reached XP level 7. HP: 18/60 MP: 5/5
  2794 | D:5      | Entered Level 5 of the Dungeon
  2952 | D:5      | Reached skill level 7 in Unarmed Combat
  3136 | D:5      | Found a staircase to the Ecumenical Temple.
  3145 | Temple   | Entered the Ecumenical Temple
  3236 | Temple   | Upgraded the game from 0.20-a0-261-gcb1eca7 to 0.20-a0-269-g17f5411
  3280 | D:5      | Reached XP level 8. HP: 68/70 MP: 6/6
  3445 | D:6      | Noticed Edmund
  3453 | D:6      | Killed Edmund
  3535 | D:6      | Reached skill level 1 in Maces & Flails
  3545 | D:6      | Reached skill level 8 in Unarmed Combat
  3726 | D:6      | Noticed Grinder
  3728 | D:6      | Paralysed by Grinder for 7 turns
  3758 | D:6      | Killed Grinder
  3887 | D:6      | Found a hide-covered altar of Uskayaw.
  3891 | D:6      | Found a sparkling altar of Nemelex Xobeh.
  3891 | D:6      | Found a white marble altar of Elyvilon.
  3891 | D:6      | Found an opulent altar of Gozag.
  3897 | D:6      | Found a hazy altar of Hepliaklqana.
  3898 | D:6      | Found a glowing golden altar of the Shining One.
  3900 | D:6      | Found a blossoming altar of Fedhas.
  3905 | D:6      | Became a worshipper of the Shining One
  4120 | D:6      | Reached XP level 9. HP: 73/76 MP: 7/7
  4251 | D:6      | Found a shadowy altar of Dithmenos.
  4265 | D:6      | Noticed Sigmund
  4334 | D:6      | Killed Sigmund
  4334 | D:6      | Reached skill level 1 in Invocations
  4445 | D:6      | Reached * piety under the Shining One
  4447 | D:6      | Reached skill level 9 in Unarmed Combat
  4483 | D:6      | Noticed Duvessa
  4485 | D:6      | Noticed Dowan
  4496 | D:6      | Killed Duvessa
  4506 | D:6      | Killed Dowan
  4795 | D:7      | Noticed Joseph
  4890 | D:7      | Noticed Jraekied's ghost (novice GrFi)
  4910 | D:7      | Killed Jraekied's ghost
  4910 | D:7      | Reached skill level 5 in Dodging
  4954 | D:7      | Reached skill level 5 in Fighting
  5258 | D:7      | Found a radiant altar of Vehumet.
  5312 | D:7      | Killed Joseph
  5312 | D:7      | Reached skill level 5 in Shields
  5312 | D:7      | Reached XP level 10. HP: 86/86 MP: 10/10
  5500 | D:7      | Found a shimmering altar of Xom.
  5557 | D:7      | Reached skill level 10 in Unarmed Combat
  5876 | D:8      | Reached ** piety under the Shining One
  6033 | D:8      | Found a staircase to the Lair.
  6357 | D:8      | You fall through a shaft for 2 floors!
  6357 | D:10     | Entered Level 10 of the Dungeon
  6452 | D:10     | Noticed Psyche
  6481 | D:10     | Killed Psyche
  6624 | D:8      | Lost mutation: You are agile. (Dex +2) [mutagenic meat]
  6626 | D:8      | Lost mutation: You are partially covered in thin metallic scales. (AC +2) [mutagenic meat]
  7265 | D:9      | Noticed a hill giant
  7272 | D:9      | Killed a hill giant
  7272 | D:9      | Reached XP level 11. HP: 17/94 MP: 11/11
  7539 | D:9      | Reached *** piety under the Shining One
  7838 | D:10     | Found a shimmering altar of Xom.
  7885 | D:10     | Reached skill level 11 in Unarmed Combat
  7943 | D:10     | Found a staircase to the Orcish Mines.
  8701 | Lair:1   | Entered Level 1 of the Lair of Beasts
  9023 | Lair:1   | Reached **** piety under the Shining One
  9128 | Lair:1   | Noticed Erica
  9177 | Lair:1   | Reached skill level 5 in Invocations
  9203 | Lair:1   | Killed Erica
  9679 | Lair:1   | Reached skill level 12 in Unarmed Combat
  9737 | Lair:1   | Reached skill level 1 in Long Blades
  9830 | Lair:1   | Reached XP level 12. HP: 103/103 MP: 13/13
  9898 | Lair:1   | Upgraded the game from 0.20-a0-269-g17f5411 to 0.20-a0-270-g8e735b6
  9952 | Lair:1   | Noticed a five-headed hydra
  9961 | Lair:1   | Killed a one-headed hydra
 10132 | Lair:2   | Found a staircase to the Snake Pit.
 11081 | Lair:3   | Noticed a six-headed hydra
 11106 | Lair:3   | Killed a one-headed hydra
 11299 | Lair:3   | Noticed a four-headed hydra
 11311 | Lair:3   | Killed a one-headed hydra
 11365 | Lair:3   | Reached skill level 13 in Unarmed Combat
 11833 | Lair:4   | Found a staircase to the Shoals.
 11967 | Lair:4   | Found a frozen archway.
 11986 | IceCv    | Entered an ice cave
 11993 | IceCv    | Reached XP level 13. HP: 111/111 MP: 16/16
 12417 | IceCv    | Noticed a frost giant
 12442 | IceCv    | Killed a frost giant
 13724 | Lair:5   | Found a staircase to the Slime Pits.
 13880 | Lair:5   | Reached ***** piety under the Shining One
 14021 | Lair:5   | Reached skill level 14 in Unarmed Combat
 14289 | Lair:5   | Reached XP level 14. HP: 119/122 MP: 18/18
 14534 | Lair:6   | Entered Level 6 of the Lair of Beasts
 14617 | Lair:6   | Found a shattered altar of Ashenzari.
 14822 | Lair:6   | Reached skill level 10 in Invocations
 15199 | Lair:6   | Upgraded the game from 0.20-a0-270-g8e735b6 to 0.20-a0-274-g7b51309
 15247 | Lair:6   | Reached ****** piety under the Shining One
 15917 | Orc:1    | Entered Level 1 of the Orcish Mines
 15970 | Orc:1    | Noticed a stone giant
 15984 | Orc:1    | Killed a stone giant
 16087 | Orc:2    | Entered Level 2 of the Orcish Mines
 16248 | Orc:2    | Noticed Josephine
 16248 | Orc:2    | HP: 6/123 [two-headed ogre/giant spiked club (21)]
 16250 | Orc:1    | HP: 2/123 [troll (15)]
 16250 | Orc:1    | Mangled by a troll

Vault maps used:
D:1:      grunt_arrival_lava_bath
D:3:      grunt_decor_cap, minmay_misc_feat_alley, st_stairs_7
D:5:      first_bread
D:6:      kennysheep_mini_moat, minitemple, uniq_edmund, uniq_grinder,
          uniq_duvessa, uniq_sigmund
D:7:      kennysheep_little_box, basic_altar, uniq_joseph
D:8:      minmay_lair_entry_lava
D:10:     erik_orc_3, basic_altar, uniq_psyche
Temple:   nicolae_temple_hex_pool
Lair:1:   wad_woods_minihive, uniq_erica
Lair:2:   dummy_snake_entry, beast_lair_carwin_7
Lair:4:   minmay_shoals_entry_centaurs, portal_ice_cave_entry_pillars_2,
          beast_lair_carwin_1
Lair:5:   minmay_slime_entry_oklob_open, special_room
Lair:6:   minmay_lair_end_frog_pond, basic_altar
Orc:1:    roderic_batcave, uniq_maurice
Orc:2:    st_orc_open, basic_altar, uniq_josephine
IceCv:    ice_cave_small_giant

Skill      XL: |  1  2  3  4  5  6  7  8  9 10 11 12 13 14 |
---------------+-------------------------------------------+-----
Unarmed Combat | 3 4 5 6 7 8 9 10 12 13 14 | 14.8
Fighting       | 3 4 5 6 7 8 |  8.6
Dodging        | 3 4 5 6 7 8 9 |  9.0
Shields        | 3 4 5 6 7 8 |  8.7
Maces & Flails | 2 3 4 |  4.2
Invocations    | 3 4 5 7 9 10 | 10.5
Long Blades    | 1 3 4 |  4.0

Action                   |  1- 3 |  4- 6 |  7- 9 | 10-12 | 13-15 || total
-------------------------+-------+-------+-------+-------+-------++-------
Melee: Unarmed           |   102 |   199 |   317 |   725 |   686 ||  2029
       Scimitar          |       |       |       |    19 |    25 ||    44
Invok: Divine Shield     |       |       |       |     3 |     7 ||    10
Evoke: Wand              |       |       |       |     1 |       ||     1
  Use: Scroll            |     1 |     6 |     4 |    12 |     4 ||    27
       Potion            |       |     7 |     2 |     4 |     1 ||    14
 Stab: Distracted        |       |       |     1 |       |       ||     1
       Sleeping          |       |       |     1 |       |       ||     1
  Eat: Chunk             |    15 |    14 |    26 |    69 |    40 ||   164
Armor: Robe              |    35 |    72 |    68 |   158 |   119 ||   452
       Troll leather arm |       |       |       |       |     5 ||     5
Dodge: Dodged            |    28 |    76 |    84 |   338 |   278 ||   804
Block: Shield            |    39 |    98 |   117 |   386 |   515 ||  1155
       Rpst.: Scimitar   |       |       |       |     2 |     1 ||     3
